AZL
SAN FRANCISCO (AZL) GIANTS @ MILWAUKEE (AZL) BREWERS
08/19/2099
 
TOP OF THE 1ST
San Francisco (AZL) Giants batting - Pitching for Milwaukee (AZL) Brewers : RHP Dan Grilli
Pitching: RHP Dan Grilli
Batting: RHB Mike Waters 0-0: Swinging Strike
0-1: Ball
1-1: Called Strike
1-2: Ball
2-2: Foul Ball, location: 9LSF
2-2: Strikes out swinging
Batting: LHB Ben Whitney 0-0: Ball
1-0: Swinging Strike
1-1: Ball
2-1: Ball
3-1: Base on Balls
Batting: RHB Julien Fuchs 0-0: Ball
1-0: Ball
2-0: Ball
3-0: Base on Balls
Ben Whitney to second
Batting: RHB Tomas Celis 0-0: Ball
1-0: Ball
2-0: Called Strike
2-1: SINGLE (Groundball, 6D, EV 95.6 MPH)
Ben Whitney to third
Julien Fuchs to second
Runner from 3rd tries for Home, SAFE, throw by CF to home
Batting: LHB Juan Medrano 0-0: Grounds into double play, U5-3 (Groundball, 5, EV 106.3 MPH)
Top of the 1st over - 1 run, 1 hit, 0 errors, 1 left on base; San Francisco (AZL) 1 - Milwaukee (AZL) 0
BOTTOM OF THE 1ST
Milwaukee (AZL) Brewers batting - Pitching for San Francisco (AZL) Giants : LHP Ruben Griego
Pitching: LHP Ruben Griego
Batting: SHB Andrew Colley 0-0: Ball
1-0: Ball
2-0: Foul Ball, location: 3SF
2-1: Swinging Strike
2-2: Ball
3-2: Foul Ball, location: 9LDF
3-2: Ground out 5-3 (Groundball, 5, EV 83.8 MPH)
Batting: RHB Josh Young 0-0: Ball
1-0: SINGLE (Line Drive, 8LS, EV 103.1 MPH)
Batting: RHB Mike Jaramillo 0-0: Ball
1-0: Foul Ball, location: 9LDF
1-1: Ball
2-1: Foul Ball, location: 2F
2-2: Foul Ball, location: 9LSF
2-2: SINGLE (Flyball, 4D, EV 96.9 MPH)
Josh Young to second
Batting: RHB Dermott Butterell 0-0: Ball
1-0: Ball
2-0: Ball
3-0: Base on Balls
Josh Young to third
Mike Jaramillo to second
Batting: LHB Curt Thompson 0-0: Ball
1-0: Ball
2-0: Ball
3-0: Called Strike
3-1: Grounds into double play, 3-6-1 (Groundball, 3, EV 105.0 MPH)
Bottom of the 1st over - 0 runs, 2 hits, 0 errors, 2 left on base; San Francisco (AZL) 1 - Milwaukee (AZL) 0
TOP OF THE 2ND
San Francisco (AZL) Giants batting - Pitching for Milwaukee (AZL) Brewers : RHP Dan Grilli
Batting: SHB David Fry 0-0: Ground out 4-3 (Groundball, 4, EV 100.6 MPH)
Batting: RHB Micah Buhrman 0-0: Ball
1-0: Foul Ball, location: 9LMF
1-1: Swinging Strike
1-2: Strikes out swinging
Batting: RHB Mike Szekely 0-0: Foul Ball, location: 5DF
0-1: Ground out 6-3 (Groundball, 6, EV 88.8 MPH)
Top of the 2nd over - 0 runs, 0 hits, 0 errors, 0 left on base; San Francisco (AZL) 1 - Milwaukee (AZL) 0
BOTTOM OF THE 2ND
Milwaukee (AZL) Brewers batting - Pitching for San Francisco (AZL) Giants : LHP Ruben Griego
Batting: RHB Felipe Valdes 0-0: Swinging Strike
0-1: Fly out, F8 (Flyball, 8RM, EV 88.1 MPH)
Batting: LHB Bobby Spielman 0-0: SINGLE (Groundball, 34D, EV 105.0 MPH)
Batting: RHB Adam Torgerson 0-0: Called Strike
0-1: Foul Ball, location: 2F
0-2: Foul Ball, location: 2F
0-2: Foul Ball, location: 5SF
0-2: Strikes out swinging
Batting: LHB Terry Moseley 0-0: Called Strike
0-1: Fly out, F8 (Flyball, 89M, EV 96.9 MPH)
Bottom of the 2nd over - 0 runs, 1 hit, 0 errors, 1 left on base; San Francisco (AZL) 1 - Milwaukee (AZL) 0
TOP OF THE 3RD
San Francisco (AZL) Giants batting - Pitching for Milwaukee (AZL) Brewers : RHP Dan Grilli
Batting: RHB Alex Solis 0-0: Ball
1-0: Ball
2-0: Ball
3-0: Called Strike
3-1: Called Strike
3-2: SINGLE (Flyball, 78S, EV 95.6 MPH)
Batting: RHB Mike Waters 0-0: Called Strike
0-1: Grounds into double play, 4-6-3 (Groundball, 4, EV 100.0 MPH)
Batting: LHB Ben Whitney 0-0: Foul Ball, location: 3SF
0-1: Ball
1-1: Swinging Strike
1-2: Foul Ball, location: 7LSF
1-2: Foul Ball, location: 23F
1-2: Strikes out looking
Top of the 3rd over - 0 runs, 1 hit, 0 errors, 0 left on base; San Francisco (AZL) 1 - Milwaukee (AZL) 0
BOTTOM OF THE 3RD
Milwaukee (AZL) Brewers batting - Pitching for San Francisco (AZL) Giants : LHP Ruben Griego
Batting: SHB Andrew Colley 0-0: Ball
1-0: Fly out, F8 (Line Drive, 89M, EV 100.6 MPH)
Batting: RHB Josh Young 0-0: Ball
1-0: Foul Ball, location: 25FF
1-1: Ground out 1-3 (Groundball, 23, EV 75.0 MPH)
Batting: RHB Mike Jaramillo 0-0: Swinging Strike
0-1: Foul Ball, location: 9LDF
0-2: Ball
1-2: SINGLE (Groundball, 34D, EV 102.5 MPH)
Pitching: LHP Arturo Contreras
Batting: RHB Dermott Butterell 0-0: Ball
Mike Jaramillo is caught stealing 2nd base 2-4
Bottom of the 3rd over - 0 runs, 1 hit, 0 errors, 0 left on base; San Francisco (AZL) 1 - Milwaukee (AZL) 0
TOP OF THE 4TH
San Francisco (AZL) Giants batting - Pitching for Milwaukee (AZL) Brewers : RHP Dan Grilli
Batting: RHB Julien Fuchs 0-0: Ball
1-0: SINGLE (Groundball, 34D, EV 108.8 MPH)
Batting: RHB Tomas Celis 0-0: Foul Ball, location: 5F
0-1: Ball
1-1: SINGLE (Line Drive, 8LS, EV 100.6 MPH)
Julien Fuchs to second
Batting: LHB Juan Medrano 0-0: Called Strike
0-1: Ball
1-1: Foul Ball, location: 25FF
1-2: Foul Ball, location: 2F
1-2: Strikes out looking
Batting: SHB David Fry 0-0: Foul Ball, location: 3F
0-1: Ball
1-1: Foul Ball, location: 25F
1-2: Fly out, F4 (Popup, 34, EV 56.3 MPH)
Batting: RHB Micah Buhrman 0-0: Fielders Choice at 2nd, 6-4 (Groundball, 6, EV 86.3 MPH)
Top of the 4th over - 0 runs, 2 hits, 0 errors, 2 left on base; San Francisco (AZL) 1 - Milwaukee (AZL) 0
BOTTOM OF THE 4TH
Milwaukee (AZL) Brewers batting - Pitching for San Francisco (AZL) Giants : LHP Arturo Contreras
Batting: RHB Dermott Butterell 0-0: Swinging Strike
0-1: Swinging Strike
0-2: Strikes out looking
Pinch Hitting: SHB Geoff Carbone 0-0: Foul Ball, location: 5FF
0-1: Ball
1-1: Swinging Strike
1-2: Hit by Pitch
Batting: RHB Felipe Valdes 0-0: Called Strike
0-1: Called Strike
0-2: Ball
1-2: Foul Ball, location: 9LMF
1-2: SINGLE (Line Drive, 4MD, EV 98.1 MPH)
Geoff Carbone to second
Batting: LHB Bobby Spielman 0-0: Foul Ball, location: 23F
0-1: Foul Ball, location: 9LDF
0-2: Ball
1-2: Strikes out looking
Pinch Hitting: RHB Sergio Chajon 0-0: Ball
1-0: Called Strike
1-1: Ball
2-1: Foul Ball, location: 2F
2-2: Ball
3-2: Strikes out looking
Bottom of the 4th over - 0 runs, 1 hit, 0 errors, 2 left on base; San Francisco (AZL) 1 - Milwaukee (AZL) 0
TOP OF THE 5TH
San Francisco (AZL) Giants batting - Pitching for Milwaukee (AZL) Brewers : RHP Dan Grilli
Now at 3B: Geoff Carbone
Now at SS: Oxford Pellerito
Batting: RHB Mike Szekely 0-0: Called Strike
0-1: Swinging Strike
0-2: Strikes out looking
Batting: RHB Alex Solis 0-0: Foul Ball, location: 9LMF
0-1: Ground out U3 (Groundball, 34, EV 81.3 MPH)
Batting: RHB Mike Waters 0-0: Fly out, F8 (Flyball, 8LM, EV 88.8 MPH)
Top of the 5th over - 0 runs, 0 hits, 0 errors, 0 left on base; San Francisco (AZL) 1 - Milwaukee (AZL) 0
BOTTOM OF THE 5TH
Milwaukee (AZL) Brewers batting - Pitching for San Francisco (AZL) Giants : LHP Arturo Contreras
Pinch Hitting: RHB Julio Lopez 0-0: Swinging Strike
0-1: Foul Ball, location: 2F
0-2: Ball
1-2: SINGLE (Groundball, 34, EV 98.8 MPH) (infield hit)
Batting: SHB Andrew Colley 0-0: Called Strike
0-1: Ball
1-1: Ball
2-1: Ball
3-1: Base on Balls
Julio Lopez to second
Batting: RHB Josh Young 0-0: Foul Ball, location: 25FF
0-1: Ball
1-1: Ball
2-1: Ball
3-1: Base on Balls
Julio Lopez to third
Andrew Colley to second
Batting: RHB Mike Jaramillo 0-0: Called Strike
0-1: Ball
1-1: Fly out, F9 (Flyball, 9, EV 90.6 MPH)
Runner from 3rd tags up, SCORES, throw by RF
Andrew Colley to third
Batting: RHB Dermott Butterell 0-0: Ball
1-0: Ball
2-0: Called Strike
2-1: Foul Ball, location: 2F
2-2: Fly out, F3 (Popup, 3F, EV 63.1 MPH)
Batting: SHB Geoff Carbone 0-0: Swinging Strike
0-1: Fielders Choice at 2nd, 5-4 (Groundball, 56, EV 90.6 MPH)
Bottom of the 5th over - 1 run, 1 hit, 0 errors, 2 left on base; San Francisco (AZL) 1 - Milwaukee (AZL) 1
TOP OF THE 6TH
San Francisco (AZL) Giants batting - Pitching for Milwaukee (AZL) Brewers : RHP Dan Grilli
Now in LF: Andrew Colley
Now in CF: John Good
Batting: LHB Ben Whitney 0-0: Called Strike
0-1: Ball
1-1: Foul Ball, location: 7LDF
1-2: Strikes out swinging
Batting: RHB Julien Fuchs 0-0: Called Strike
0-1: Swinging Strike
0-2: Ball
1-2: Ball
2-2: Foul Ball, location: 2F
2-2: SINGLE (Groundball, 56S, EV 71.3 MPH) (infield hit)
Batting: RHB Tomas Celis 0-0: Called Strike
0-1: Ball
1-1: Grounds into double play, 6-4-3 (Groundball, 6, EV 91.9 MPH)
Top of the 6th over - 0 runs, 1 hit, 0 errors, 0 left on base; San Francisco (AZL) 1 - Milwaukee (AZL) 1
BOTTOM OF THE 6TH
Milwaukee (AZL) Brewers batting - Pitching for San Francisco (AZL) Giants : LHP Arturo Contreras
Pitching: RHP Danny Tucker
Pinch Hitting: LHB Steve Cobb 0-0: Swinging Strike
0-1: Called Strike
0-2: Ball
1-2: Fly out, F3 (Popup, 3SF, EV 75.6 MPH)
Batting: LHB Bobby Spielman 0-0: Called Strike
0-1: Ball
1-1: TRIPLE (Flyball, 78XD, EV 98.1 MPH)
Pinch Hitting: RHB John Jones 0-0: Intentional Walk
Pinch Hitting: LHB Dan Kirk 0-0: Ball
1-0: Foul Ball, location: 2F
1-1: Foul Ball, location: 2F
1-2: Foul Ball, location: 2F
1-2: Ball
2-2: Foul Ball, location: 7LSF
2-2: Ball
3-2: Strikes out looking
Batting: SHB Andrew Colley 0-0: Called Strike
0-1: Ball
1-1: Ball
2-1: Ball
3-1: Called Strike
3-2: Ground out 5-3 (Groundball, 56S, EV 85.6 MPH)
Bottom of the 6th over - 0 runs, 1 hit, 0 errors, 2 left on base; San Francisco (AZL) 1 - Milwaukee (AZL) 1
TOP OF THE 7TH
San Francisco (AZL) Giants batting - Pitching for Milwaukee (AZL) Brewers : RHP Dan Grilli
Now at 1B: Dan Kirk
Now at SS: John Jones
Now in CF: Danny Stein
Batting: LHB Juan Medrano 0-0: Swinging Strike
0-1: Ground out 1-3 (Groundball, 34S, EV 68.8 MPH)
Pinch Hitting: LHB Jeff Hodges 0-0: Called Strike
0-1: SINGLE (Line Drive, 6D, EV 95.0 MPH)
Pitching: RHP Justin Spencer
Pinch Hitting: RHB Carlos Cruz 0-0: TRIPLE (Line Drive, 78XD, EV 103.8 MPH)
Jeff Hodges scores
Batting: RHB Mike Szekely 0-0: Swinging Strike
0-1: Ball
1-1: Ball
2-1: Foul Ball, location: 9LDF
2-2: Ball
3-2: Fly out, F9 (Flyball, 89M, EV 92.5 MPH)
Runner from 3rd tags up, OUT at HOME! 9-2
Top of the 7th over - 1 run, 2 hits, 0 errors, 0 left on base; San Francisco (AZL) 2 - Milwaukee (AZL) 1
BOTTOM OF THE 7TH
Milwaukee (AZL) Brewers batting - Pitching for San Francisco (AZL) Giants : RHP Danny Tucker
Pitching: RHP Ivan Amaya
Now in LF: Edward Rodriguez
Now in CF: Carlos Cruz
Batting: RHB Josh Young 0-0: Ground out 6-3 (Groundball, 56S, EV 84.4 MPH)
Pitching: RHP Matt Frost
Batting: RHB Mike Jaramillo 0-0: Ball
1-0: Ball
2-0: SOLO HOME RUN (Flyball, 8RXD, EV 110.0 MPH), Distance : 446 ft
Batting: RHB Dermott Butterell 0-0: Called Strike
0-1: Foul Ball, location: 2F
0-2: Ball
1-2: Ball
2-2: Ball
3-2: Ground out 5-3 (Groundball, 5L, EV 100.6 MPH)
Batting: SHB Geoff Carbone 0-0: SINGLE (Line Drive, 6MD, EV 97.5 MPH)
Pinch Hitting: LHB Jim Musser 0-0: Ball
1-0: Ball
2-0: Called Strike
2-1: Ball
3-1: Fielders Choice at 2nd, 6-4 (Groundball, 6, EV 99.4 MPH)
Bottom of the 7th over - 1 run, 2 hits, 0 errors, 1 left on base; San Francisco (AZL) 2 - Milwaukee (AZL) 2
TOP OF THE 8TH
San Francisco (AZL) Giants batting - Pitching for Milwaukee (AZL) Brewers : RHP Justin Spencer
Pitching: RHP Billy Crawford
Now in CF: Dave Kyle
Batting: RHB Alex Solis 0-0: Foul Ball, location: 7LMF
0-1: Ground out 5-3 (Groundball, 56, EV 89.4 MPH)
Batting: RHB Mike Waters 0-0: SINGLE (Line Drive, 6D, EV 96.3 MPH)
Batting: LHB Ben Whitney 0-0: Ball
1-0: Called Strike
1-1: Ball
2-1: Swinging Strike
2-2: Foul Ball, location: 2F
2-2: Foul Ball, location: 2RF
2-2: Ball
3-2: Base on Balls
Mike Waters to second
Batting: RHB Julien Fuchs 0-0: Ball
1-0: Ball
2-0: Ground out 5-3 (Groundball, 56S, EV 70.0 MPH)
Mike Waters to third
Ben Whitney to second
Batting: RHB Tomas Celis 0-0: Intentional Walk
Batting: LHB Carlos Morales 0-0: Called Strike
0-1: Ball
1-1: Ball
2-1: TRIPLE (Line Drive, 9LD, EV 108.1 MPH)
Mike Waters scores
Ben Whitney scores
Tomas Celis scores
Batting: RHB Edward Rodriguez 0-0: Ground out 6-3 (Groundball, 6, EV 85.6 MPH)
Top of the 8th over - 3 runs, 2 hits, 0 errors, 1 left on base; San Francisco (AZL) 5 - Milwaukee (AZL) 2
BOTTOM OF THE 8TH
Milwaukee (AZL) Brewers batting - Pitching for San Francisco (AZL) Giants : RHP Matt Frost
Pitching: RHP Luis Parra
Batting: LHB Bobby Spielman 0-0: Ground out 4-3 (Groundball, 34, EV 92.5 MPH)
Batting: RHB John Jones 0-0: Ball
1-0: Swinging Strike
1-1: Foul Ball, location: 9LMF
1-2: SINGLE (Groundball, 4MD, EV 94.4 MPH)
Batting: LHB Dan Kirk 0-0: Ball
1-0: Ball
2-0: Swinging Strike
2-1: Foul Ball, location: 25F
2-2: Fly out, F8 (Flyball, 8LD, EV 104.4 MPH)
Batting: SHB Andrew Colley 0-0: Ball
1-0: Ball
2-0: Ball
3-0: Called Strike
3-1: Base on Balls
John Jones to second
Batting: RHB Josh Young 0-0: Called Strike
0-1: Ball
1-1: Foul Ball, location: 2F
1-2: Strikes out swinging
Bottom of the 8th over - 0 runs, 1 hit, 0 errors, 2 left on base; San Francisco (AZL) 5 - Milwaukee (AZL) 2
TOP OF THE 9TH
San Francisco (AZL) Giants batting - Pitching for Milwaukee (AZL) Brewers : RHP Billy Crawford
Batting: RHB Carlos Cruz 0-0: Ground out U3 (Groundball, 3, EV 76.9 MPH)
Batting: RHB Mike Szekely 0-0: Ball
1-0: Ball
2-0: Called Strike
2-1: Ball
3-1: Base on Balls
Batting: RHB Alex Solis 0-0: Ball
1-0: Foul Ball, location: 3F
1-1: Ball
2-1: Swinging Strike
2-2: Strikes out looking
Batting: RHB Mike Waters 0-0: Called Strike
0-1: DOUBLE (Groundball, 5L, EV 94.4 MPH)
Mike Szekely to third
Batting: LHB Ben Whitney 0-0: Ground out 4-3 (Groundball, 34D, EV 105.0 MPH)
Top of the 9th over - 0 runs, 1 hit, 0 errors, 2 left on base; San Francisco (AZL) 5 - Milwaukee (AZL) 2
BOTTOM OF THE 9TH
Milwaukee (AZL) Brewers batting - Pitching for San Francisco (AZL) Giants : RHP Luis Parra
Batting: RHB Mike Jaramillo 0-0: Ball
1-0: Ball
2-0: Called Strike
2-1: Swinging Strike
2-2: Strikes out swinging
Batting: RHB Dermott Butterell 0-0: Called Strike
0-1: Foul Ball, location: 2F
0-2: Ball
1-2: Foul Ball, location: 7LDF
1-2: Ball
2-2: Foul Ball, location: 2F
2-2: Ball
3-2: SINGLE (Groundball, 6S, EV 73.8 MPH) (infield hit)
Pitching: RHP Gary Herbst
Batting: SHB Geoff Carbone 0-0: Fly out, F8 (Line Drive, 8RM, EV 96.3 MPH)
Pinch Hitting: RHB Jeff Lindsey 0-0: Foul Ball, location: 9LDF
0-1: Ball
1-1: Swinging Strike
1-2: Foul Ball, location: 5FF
1-2: Fielders Choice at 2nd, 6-4 (Groundball, 6, EV 90.0 MPH)
Bottom of the 9th over - 0 runs, 1 hit, 0 errors, 1 left on base; San Francisco (AZL) 5 - Milwaukee (AZL) 2
Wednesday, May 15th , 2024 - OOTP Baseball 24.11 Build 85